 Dungeon Crawl Stone Soup version 0.22-a0-855-g415d086bb8 (webtiles) character file.

23774 RedPan the Severer (level 12, 0/99 HPs)
             Began as a Minotaur Monk on July 27, 2018.
             Was the Champion of Hepliaklqana.
             Slain by a 13-headed hydra (11 damage)
             ... on level 4 of the Lair of Beasts.
             The game lasted 00:38:14 (13893 turns).

RedPan the Severer (Minotaur Monk)                 Turns: 13893, Time: 00:38:14

Health: 0/99       AC: 18    Str: 26    XL:     12   Next: 74%
Magic:  14/14      EV: 10    Int:  7    God:    Hepliaklqana [******]
Gold:   1042       SH:  6    Dex: 12    Spells: 11/11 levels left

rFire    + . .     SeeInvis .   L - +4 broad axe
rCold    . . .     Gourm    .   B - +0 buckler of Compassion {-Cast rN++ MR+ Regen+}
rNeg     + + .     Faith    .   w - +0 plate armour
rPois    .         Spirit   .   O - +0 hat
rElec    .         Reflect  .   (no cloak)
rCorr    .         Harm     .   m - +1 pair of gloves
MR       +....     NoCast   +   f - +0 pair of boots
Stlth    ..........             (no amulet)
HPRegen  0.66/turn              d - ring of protection from fire
MPRegen  0.14/turn              y - +4 ring of strength

@: very slightly contaminated, invisible
A: retaliatory headbutt, reduced essence, horns 2
a: Recall Ancestor, Ancestor Identity, Transference, Idealise, Renounce Religion


You were on level 4 of the Lair of Beasts.
You worshipped Hepliaklqana.
Hepliaklqana was exalted by your worship.
You were very hungry.

You visited 2 branches of the dungeon, and saw 16 of its levels.

You collected 1042 gold pieces.

Inventory:

Hand Weapons
 h - a +2 battleaxe
 F - a +0 war axe
 G - a +1 battleaxe of freezing
 L - a +4 broad axe (weapon)
Armour
 f - a +0 pair of boots (worn)
 m - a +1 pair of gloves (worn)
 t - a +0 buckler
 w - a +0 plate armour (worn)
 B - the +0 buckler of Compassion (worn) {-Cast rN++ MR+ Regen+}
   (You found it on level 7 of the Dungeon)

   It greatly protects you from negative energy.
   It affects your resistance to hostile enchantments.
   It prevents spellcasting.
   It increases your rate of regeneration.
 O - a +0 hat (worn)
Jewellery
 d - a ring of protection from fire (left hand)
 l - an uncursed ring of protection from cold
 u - an uncursed ring of positive energy
 y - a +4 ring of strength (right hand)
 H - an uncursed ring of stealth
Wands
 a - a wand of polymorph (12)
 k - a wand of random effects (20)
 p - a wand of scattershot (3)
 q - a wand of paralysis (11)
 C - a wand of flame (47)
 J - a wand of clouds (4)
 K - a wand of iceblast (9)
 N - a wand of acid (12)
Scrolls
 e - 3 scrolls of identify
 g - 5 scrolls of fear
 o - 4 scrolls of enchant armour
 s - 2 scrolls of teleportation
 v - 8 scrolls of remove curse
 I - 2 scrolls of magic mapping
 M - a scroll of blinking
 P - a scroll of summoning
Potions
 b - 5 potions of curing
 i - 2 potions of mutation
 j - a potion of heal wounds
 n - a potion of haste
 r - 3 potions of cancellation
 z - a potion of brilliance
 D - 4 potions of flight
 E - a potion of ambrosia
Comestibles
 c - 26 rations


   Skills:
 + Level 11.5 Fighting
 + Level 15.3 Axes
 + Level 10.8 Armour
 + Level 6.1 Dodging
 - Level 1.5 Stealth
 + Level 10.8 Shields
 - Level 5.0 Invocations


You had 11 spell levels left.
You didn't know any spells.
Your spell library contained the following spells:

 Spells                   Type           Power        Failure   Level  Hunger
 Cause Fear               Hex            #.........   100%        4    #####..
 Fireball                 Conj/Fire      #.........   100%        5    ######.
 Apportation              Tloc           #.....       99%         1    ##.....
 Conjure Flame            Conj/Fire      #.......     100%        3    ####...
 Invisibility             Hex            #.......     100%        6    #######
 Throw Flame              Conj/Fire      #.....       99%         2    ###....
 Throw Frost              Conj/Ice       #.....       99%         2    ###....
 Summon Small Mammal      Summ           #...         99%         1    ##.....
 Animate Skeleton         Necr           N/A          99%         1    ##.....
 Freeze                   Ice            #...         99%         1    ##.....
 Sticky Flame             Conj/Fire      #.......     100%        4    #####..
 Summon Ice Beast         Ice/Summ       #.......     100%        4    #####..
 Ozocubu's Armour         Chrm/Ice       #.......     100%        3    ####...
 Tukima's Dance           Hex            #.......     100%        3    ####...
 Deflect Missiles         Chrm/Air       #.........   100%        6    #######
 Throw Icicle             Conj/Ice       #.......     100%        4    #####..
 Confusing Touch          Hex            #.....       99%         1    ##.....
 Flame Tongue             Conj/Fire      #....        99%         1    ##.....
 Summon Butterflies       Summ           #.......     99%         1    ##.....
 Silence                  Hex/Air        #.........   100%        5    ######.
 Alistair's Intoxication  Tmut/Pois      #.......     100%        5    ######.
 Inner Flame              Hex/Fire       #.......     100%        3    ####...
 Discord                  Hex            #.........   100%        8    #######
 Yara's Violent Unravell  Hex/Tmut       #.........   100%        5    ######.
 Lesser Beckoning         Tloc           #.........   100%        3    ####...


Dungeon Overview and Level Annotations

Branches:
Dungeon (11/15)            Temple (0/1) D:7            Lair (5/6) D:11
 Shoals (0/4) Lair:3        Snake (0/4) Lair:3          Orc (0/2) D:10
  Slime: Lair:5-6

Altars:
Dithmenos
Elyvilon
Gozag
Hepliaklqana
Makhleb
Nemelex Xobeh
Okawaru
Ru
Sif Muna
Trog
Uskayaw
Xom
Yredelemnul

Shops:
D:7 %

Annotations:
Lair:2 exclusion: 2 oklob plants


Innate Abilities, Weirdness & Mutations

You reflexively headbutt those who attack you in melee.
You have a pair of horns on your head.
Your life essence is reduced to manifest your ancestor. (-10% HP)


Message History

The 12-headed hydra bites you.
* * * LOW HITPOINT WARNING * * *
The 12-headed hydra bites you!
* * * LOW HITPOINT WARNING * * *
The 12-headed hydra bites you but does no damage.
You hack one of the 12-headed hydra's heads off!
The 11-headed hydra grows two more!
You slice the 13-headed hydra!!
The 13-headed hydra is severely wounded.
The 13-headed hydra bites you but does no damage.
The 13-headed hydra bites you.
* * * LOW HITPOINT WARNING * * *
You block the 13-headed hydra's attack. x2; The 13-headed hydra bites you!
* * * LOW HITPOINT WARNING * * *
The 13-headed hydra barely misses you. The 13-headed hydra closely misses you.
You block the 13-headed hydra's attack. The 13-headed hydra barely misses you.
The 13-headed hydra completely misses you.
The 13-headed hydra barely misses you.
The 13-headed hydra bites you but does no damage.
The 13-headed hydra bites you!
You die...

#..........## ##......?.####
##..........# #..........#
##..........# ##........##
#...........# ##........P#
#..........## #.........##
#..........#####.........##
##.........#..##..........#
##.........##..#.........##
#...........@D..>.......รท.#
##.......................####
#.........................#P
#...........<...............
#...........................
#...........................
##...........................
#............................
##...................(.......


You could see a 13-headed hydra.

Vanquished Creatures
  Snorg (Lair:4)
  2 hydras
  3 two-headed ogres
  2 spiny frogs
  2 komodo dragons
  A rime drake (Lair:4)
  3 hippogriffs
  11 blink frogs
  A wraith (D:11)
  4 wyverns
  18 yaks
  Menkaure (D:7)
  4 nagas (Lair:3)
  8 water moccasins
  4 porcupines
  3 ice beasts
  A hornet zombie (D:9)
  2 black bears
  An orc warrior (D:7)
  A sky beast (D:4)
  2 necrophages (D:8)
  3 centaurs
  2 phantoms (D:5)
  6 ogres
  8 crocodiles
  8 bullfrogs
  A wyvern skeleton (D:10)
  3 scorpions
  2 killer bees (D:11)
  9 wights
  7 howler monkeys
  6 crimson imps
  A bullfrog zombie (D:5)
  2 hounds
  A quasit (D:6)
  4 orc priests
  3 centaur skeletons
  3 jellies
  4 human zombies (D:8)
  5 orc wizards
  Terence (D:2)
  6 hell rats (Lair:4)
  A hexer (Lair:2)
  2 iguanas
  7 worker ants
  An ogre zombie (D:8)
  2 ogre skeletons (D:8)
  A mummy (D:8)
  A worker ant zombie (D:8)
  11 adders
  6 gnolls
  A howler monkey skeleton (D:5)
  2 shadow imps (D:5)
  2 oozes
  An adder skeleton (D:8)
  3 worms
  A dart slug (D:1)
  A leopard gecko (D:3)
  20 orcs
  10 giant cockroaches
  7 goblins
  6 hobgoblins
  5 jackals
  7 kobolds
  12 quokkas
  3 ball pythons
  7 bats
  5 frilled lizards
  A jackal skeleton (D:6)
  2 leopard gecko zombies
  An orc zombie (D:8)
  2 quokka skeletons (D:8)
  10 rats
  2 fungi
  A plant (Lair:4)
304 creatures vanquished.

Vanquished Creatures (collateral kills)
  A hydra (Lair:4)
  A death yak (Lair:4)
  Urug (Lair:2)
  A merfolk siren (Lair:3)
  2 spiny frogs
  A troll (D:11)
  A blink frog (Lair:3)
  A hippogriff (D:9)
  4 yaks
  A water moccasin (D:3)
  2 porcupines (Lair:5)
  A sky beast (D:10)
  A centaur (D:5)
  2 bullfrogs
  3 scorpions
  A killer bee (D:11)
  2 howler monkeys
  A bullfrog skeleton (D:9)
  2 hounds
  An orc wizard (D:9)
  A hell rat (Lair:4)
  2 gnolls (D:8)
  2 adders (D:3)
  5 orcs
  A giant cockroach (D:3)
  A jackal (D:11)
  A bat (D:3)
  2 rats
45 creatures vanquished.

Vanquished Creatures (others)
  4 hexers
  2 plants
6 creatures vanquished.

Grand Total: 355 creatures vanquished

Notes
Turn   | Place    | Note
-------+----------+-------------------------------------------
     0 | D:1      | RedPan the Minotaur Monk began the quest for the Orb.
     0 | D:1      | Reached XP level 1. HP: 19/19 MP: 0/0
   147 | D:1      | Reached skill level 4 in Axes
   193 | D:1      | Reached XP level 2. HP: 14/26 MP: 1/1
   634 | D:1      | Reached skill level 5 in Axes
   873 | D:1      | Reached XP level 3. HP: 29/31 MP: 2/2
  1327 | D:2      | Found a hazy altar of Hepliaklqana.
  1334 | D:2      | Became a worshipper of Hepliaklqana the Forgotten
  1334 | D:2      | Reached * piety under Hepliaklqana
  1334 | D:2      | Reached ** piety under Hepliaklqana
  1335 | D:2      | Remembered your ancestor Star Platinum as a hexer
  1391 | D:2      | Reached skill level 6 in Axes
  1391 | D:2      | Reached XP level 4. HP: 30/35 MP: 3/3
  1431 | D:2      | Noticed a moth of wrath
  1435 | D:2      | Found a bloodstained altar of Trog.
  1841 | D:2      | Noticed Terence
  1851 | D:2      | Killed Terence
  2009 | D:2      | Found a deep blue altar of Sif Muna.
  2304 | D:3      | Noticed a water moccasin
  2477 | D:3      | Reached skill level 7 in Axes
  2477 | D:3      | Reached XP level 5. HP: 40/40 MP: 4/4
  2577 | D:3      | Found a shadowy altar of Dithmenos.
  2667 | D:3      | Killed a water moccasin
  2667 | D:3      | Reached skill level 8 in Axes
  2770 | D:3      | Reached XP level 6. HP: 24/45 MP: 5/5
  2970 | D:3      | Noticed an ice beast
  2983 | D:3      | Killed an ice beast
  3152 | D:4      | Reached skill level 9 in Axes
  3236 | D:4      | Found a hide-covered altar of Uskayaw.
  3236 | D:4      | Found a white marble altar of Elyvilon.
  3237 | D:4      | Noticed a sky beast
  3259 | D:4      | Killed a sky beast
  3259 | D:4      | Reached XP level 7. HP: 37/51 MP: 6/6
  3341 | D:4      | Found an opulent altar of Gozag.
  3602 | D:4      | Found a shimmering altar of Xom.
  3633 | D:4      | Reached skill level 10 in Axes
  3638 | D:4      | Reached *** piety under Hepliaklqana
  3807 | D:5      | Entered Level 5 of the Dungeon
  3962 | D:5      | Reached skill level 11 in Axes
  4084 | D:5      | Reached XP level 8. HP: 55/57 MP: 7/7
  4213 | D:5      | Found a sparkling altar of Nemelex Xobeh.
  4619 | D:5      | Reached skill level 1 in Armour
  4888 | D:5      | Got a faintly humming leather armour
  4889 | D:5      | Identified the +2 leather armour of Heresy {*Slow Dex+6} (You found it on level 5 of the Dungeon)
  5153 | D:6      | Found a burning altar of Makhleb.
  5284 | D:6      | Reached skill level 1 in Shields
  5299 | D:6      | Reached **** piety under Hepliaklqana
  5654 | D:7      | Reached skill level 12 in Axes
  5906 | D:7      | Got a polished buckler
  5913 | D:7      | Noticed Menkaure
  5921 | D:7      | Identified the cursed +0 buckler of Compassion {-Cast rN++ MR+ Regen+} (You found it on level 7 of the Dungeon)
  5923 | D:7      | Killed Menkaure
  5923 | D:7      | Reached skill level 5 in Fighting
  5951 | D:7      | Found an iron altar of Okawaru.
  6053 | D:7      | Found Edal's Food Shoppe.
  6223 | D:7      | Found a staircase to the Ecumenical Temple.
  6321 | D:8      | Reached XP level 9. HP: 65/66 MP: 8/8
  6496 | D:8      | Reached skill level 5 in Armour
  6511 | D:8      | Reached skill level 5 in Shields
  6750 | D:8      | Noticed a two-headed ogre
  6760 | D:8      | Killed a two-headed ogre
  6760 | D:8      | Reached skill level 13 in Axes
  6763 | D:8      | Reached XP level 10. HP: 44/77 MP: 9/9
  6838 | D:8      | Noticed a two-headed ogre
  7022 | D:8      | Found a basalt altar of Yredelemnul.
  7168 | D:9      | Found a sacrificial altar of Ru.
  7668 | D:9      | Reached ***** piety under Hepliaklqana
  7965 | D:10     | Entered Level 10 of the Dungeon
  8051 | D:10     | Noticed a two-headed ogre
  8056 | D:10     | Killed a two-headed ogre
  8222 | D:10     | Reached XP level 11. HP: 86/87 MP: 10/10
  8272 | D:10     | Reached skill level 14 in Axes
  8326 | D:10     | Found a staircase to the Orcish Mines.
  8508 | D:11     | Noticed a two-headed ogre
  8522 | D:11     | Killed a two-headed ogre
  8522 | D:11     | Reached skill level 1 in Invocations
  8852 | D:11     | Found a staircase to the Lair.
  8911 | Lair:1   | Entered Level 1 of the Lair of Beasts
 10114 | Lair:1   | Reached skill level 10 in Fighting
 10627 | Lair:2   | Noticed an oklob plant
 10627 | Lair:2   | Noticed a seven-headed hydra
 10664 | Lair:2   | Killed a 16-headed hydra
 11055 | Lair:2   | Noticed Urug
 11071 | Lair:2   | Killed Urug
 11307 | Lair:2   | Reached ****** piety under Hepliaklqana
 11465 | Lair:2   | Noticed an oklob plant
 11553 | Lair:3   | Found a staircase to the Shoals.
 12194 | Lair:3   | Reached XP level 12. HP: 96/96 MP: 14/14
 12195 | Lair:3   | Found a staircase to the Snake Pit.
 12392 | Lair:3   | Reached skill level 10 in Armour
 12762 | Lair:4   | Reached skill level 10 in Shields
 12768 | Lair:4   | Noticed Snorg
 12779 | Lair:4   | Killed Snorg
 12779 | Lair:4   | Reached skill level 5 in Dodging
 12952 | Lair:4   | Noticed a death yak
 12959 | Lair:4   | Reached skill level 5 in Invocations
 12971 | Lair:4   | Reached skill level 15 in Axes
 12972 | Lair:4   | Killed a death yak
 13150 | Lair:4   | Noticed a six-headed hydra
 13166 | Lair:4   | Killed a nine-headed hydra
 13381 | Lair:4   | Noticed a five-headed hydra
 13395 | Lair:4   | Killed a 13-headed hydra
 13855 | Lair:5   | Noticed a six-headed hydra
 13893 | Lair:4   | Slain by a 13-headed hydra

Vault maps used:
D:1:      dpeg_arrival_solitude
D:2:      led_sif_pool, old_standard_altar, tgw_trog, first_ration, uniq_terence
D:3:      nicolae_dithmenos_shadow_blocks
D:4:      led_xom_imps, grunt_temple_overflow_open
D:5:      lemuel_ice_spiral_2, nemelex_altar_shiori
D:6:      nicolae_overflow_crystal_walls
D:7:      okawaru_ov_weapons_minmay, temple_hall, serial_shops,
          nicolae_shop_behind_doors, minmay_misc_feat_x, uniq_menkaure
D:8:      lemuel_mausoleum_altar_yredelemnul
D:9:      kennysheep_mini, grunt_ogre_cave
D:10:     orc_0_dummy
D:11:     lair_entry_dummy, lemuel_statue_altar
Lair:2:   st_stairs_9, minmay_lair_oklob_chamber, uniq_urug
Lair:3:   minmay_shoals_entry_lonely_mermaid, minmay_snake_entry_guardpost_small
Lair:4:   beast_lair_carwin_10, uniq_snorg
Lair:5:   portal_ice_cave_entry_animals_and_master, grunt_megastairs_2

Skill      XL: |  1  2  3  4  5  6  7  8  9 10 11 12 |
---------------+-------------------------------------+-----
Axes           | 4 5 6 7 8 9 11 12 13 14 15 | 15.3
Armour         | 3 6 8 9 10 | 10.8
Fighting       | 5 7 9 10 11 | 11.5
Shields        | 3 6 8 9 10 | 10.8
Invocations    | 4 5 |  5.0
Dodging        | 4 6 |  6.1
Stealth        | |  1.5

Action                   |  1- 3 |  4- 6 |  7- 9 | 10-12 || total
-------------------------+-------+-------+-------+-------++-------
Melee: Hand axe          |    75 |   132 |   352 |       ||   559
       Headbutt          |    13 |    15 |    68 |   139 ||   235
       War axe           |       |       |    11 |   411 ||   422
       Battleaxe         |       |       |       |    12 ||    12
       Broad axe         |       |       |       |   131 ||   131
Invok: Ancestor Life: He |     1 |       |       |       ||     1
       Ancestor Identity |     1 |       |       |       ||     1
  Use: Scroll            |     4 |     4 |    11 |    16 ||    35
       Potion            |       |       |     2 |     3 ||     5
 Stab: Sleeping          |     3 |       |       |       ||     3
       Distracted        |       |     1 |     1 |    10 ||    12
       Confused          |       |       |       |     5 ||     5
  Eat: Chunk             |     1 |     3 |    11 |    22 ||    37
       Ration            |       |     1 |       |       ||     1
Armor: Robe              |     9 |       |       |       ||     9
       Chain mail        |     8 |    63 |    86 |       ||   157
       Skin              |       |       |    11 |       ||    11
       Plate armour      |       |       |    58 |   291 ||   349
Dodge: Dodged            |    42 |    52 |    98 |   230 ||   422
Block: Buckler           |       |       |    22 |   152 ||   174

Table legend:
 A = Spawn XP
 B = Non-spawn XP
 C = Spawn XP percentage of total XP
 D = Spawn monster count
 E = Non-spawn monster count
 F = Spawn count percentage of total count
 G = Total turns spent on level
                    A         B        C        D         E        F      G
               +---------+---------+-------+---------+---------+-------+---------
         Total |       0 |   33964 |   0.0 |       0 |     345 |   0.0 | 13893
               +---------+---------+-------+---------+---------+-------+---------
           D:1 |       0 |      54 |   0.0 |       0 |      25 |   0.0 |  1184
           D:2 |       0 |     124 |   0.0 |       0 |      26 |   0.0 |  1172
           D:3 |       0 |     368 |   0.0 |       0 |      27 |   0.0 |   792
           D:4 |       0 |     446 |   0.0 |       0 |      15 |   0.0 |   659
           D:5 |       0 |     749 |   0.0 |       0 |      21 |   0.0 |  1268
           D:6 |       0 |     243 |   0.0 |       0 |       9 |   0.0 |   571
           D:7 |       0 |     807 |   0.0 |       0 |      16 |   0.0 |   659
           D:8 |       0 |    3529 |   0.0 |       0 |      56 |   0.0 |   856
           D:9 |       0 |    2617 |   0.0 |       0 |      27 |   0.0 |   804
          D:10 |       0 |    2119 |   0.0 |       0 |      20 |   0.0 |   505
          D:11 |       0 |    2998 |   0.0 |       0 |      22 |   0.0 |  1103
        Lair:1 |       0 |    2771 |   0.0 |       0 |      13 |   0.0 |   977
        Lair:2 |       0 |    3545 |   0.0 |       0 |      13 |   0.0 |   941
        Lair:3 |       0 |    4375 |   0.0 |       0 |      21 |   0.0 |  1266
        Lair:4 |       0 |    8945 |   0.0 |       0 |      32 |   0.0 |  1053
        Lair:5 |       0 |     274 |   0.0 |       0 |       2 |   0.0 |    83
               +---------+---------+-------+---------+---------+-------+---------
